 Dungeon Crawl Stone Soup version 0.17-a0-2127-g1cb09f6 (webtiles) character file.

65 M4edhros the Charlatan (level 4, -2/28 HPs)
             Began as an Octopode Artificer on Oct 24, 2015.
             Hit by a tomahawk thrown by an orc (6 damage)
             ... on level 4 of the Dungeon.
             The game lasted 00:01:16 (1285 turns).

M4edhros the Charlatan (Octopode Artificer)         Turns: 1285, Time: 00:01:16

Health: -2/28      AC:  1    Str: 10    XL:     4   Next: 14%
Magic:  7/8        EV: 12    Int: 14    God:
Gold:   24         SH:  0    Dex: 13    Spells: 0 memorised, 3 levels left

rFire  . . .     SeeInvis .     a - +0 short sword
rCold  . . .     Clarity  .     (no shield)
rNeg   . . .     SustAt   .     (helmet restricted)
rPois  .         Gourm    .     (no amulet)
rElec  .         Spirit   .     (no ring)
rCorr  .         Warding  .     (no ring)
rMut   .         Stasis   .     (no ring)
MR     .....                    (no ring)
Stlth  +++.......               (no ring)
                                (no ring)
                                (no ring)
                                (no ring)

@: not resistant to hostile enchantments, fairly stealthy
A: almost no armour, amphibious, 8 rings, constrict 8, camouflage 1, gelatinous
body 1
a: no special abilities


You were on level 4 of the Dungeon.
You were very hungry.

You visited 1 branch of the dungeon, and saw 4 of its levels.

You collected 24 gold pieces.

Inventory:

Hand Weapons
 a - a +0 short sword (weapon)
Wands
 b - a wand of flame (14)
 c - a wand of enslavement (12)
 d - a wand of random effects (15)
Scrolls
 g - a scroll of recharging {unknown}
 h - a scroll of fear {unknown}
 i - a scroll of identify {unknown}
 j - a scroll of random uselessness {unknown}
 l - a scroll of noise {unknown}
Potions
 f - a potion of agility {unknown}
Comestibles
 e - a bread ration
 k - a meat ration


   Skills:
 - Level 1.0 Fighting
 - Level 1.0 Short Blades
 - Level 2.0 Dodging
 - Level 1.3 Stealth
 + Level 5.3 Evocations


You had 3 spell levels left.
You didn't know any spells.

Dungeon Overview and Level Annotations

Branches:
Dungeon (4/15)
 Temple: D:4-7

Altars:


Innate Abilities, Weirdness & Mutations

You cannot wear most types of armour.
You are amphibious.
You can wear up to eight rings at the same time.
You can use your tentacles to constrict eight enemies at once.
Your skin changes colour to match your surroundings (Stealth).
Your rubbery body absorbs attacks (AC +1).


Message History

Aim: an orc wizard, wielding a dagger and wearing a robe (chance to defeat MR: 57%)
The orc wizard is charmed.
This wand has 12 charges left.
The orc misses your orc wizard. What do you say? t - Shout!
Orders for allies: a - Attack new target. p - Attack previous target. r - Retreat! s - Stop attacking. w - Wait here. f - Follow me.
Anything else - Stay silent.
Gang up on whom?
Press: ? - help, Dir - move target cursor, f - orc, p - orc wizard
Aim: an orc, wielding a whip (almost dead) Attack!
The orc throws a tomahawk.
The tomahawk closely misses your orc wizard.
The tomahawk barely misses you.
Your orc wizard hits the orc with a dagger.
The orc dies!
The orc throws a tomahawk.
The tomahawk misses your orc wizard. The tomahawk hits you.
You die...

#..#########........###
...###8###8#..###.#.#
...##.........# #.#.#
...#8.........###.#.#
#..##.............#.#
#..##.(.##8#......#.##
#..##...####..)....(.#
#.##⌠...⌠# #........##
..##...####....@##.#
#...##8#####(# .#
##..........#o# .#
#8..........oo#
##........###.##.#
##8###8#.(......# ###
###........#
..............#
..........###.#


You could see 2 orcs and a friendly orc wizard (unaware).

Vanquished Creatures
  A hound (D:4)
  A worm (D:3)
  A giant gecko (D:3)
  2 orcs (D:4)
  3 giant cockroaches
  3 goblins
  3 hobgoblins
  4 jackals (D:3)
  A ball python (D:2)
  A giant newt (D:2)
  2 kobolds
  A quokka (D:4)
  3 rats
26 creatures vanquished.

Vanquished Creatures (collateral kills)
  An orc (D:4)
1 creature vanquished.

Grand Total: 27 creatures vanquished

Notes
Turn   | Place    | Note
--------------------------------------------------------------
     0 | D:1      | M4edhros the Octopode Artificer began the quest for the Orb.
     0 | D:1      | Reached XP level 1. HP: 13/13 MP: 3/3
   168 | D:1      | Reached XP level 2. HP: 6/18 MP: 4/4
   402 | D:1      | Reached skill level 4 in Evocations
   989 | D:3      | Reached XP level 3. HP: 16/23 MP: 6/6
  1051 | D:4      | Reached skill level 5 in Evocations
  1051 | D:4      | Reached XP level 4. HP: 14/28 MP: 7/7
  1285 | D:4      | Hit by a tomahawk thrown by an orc

Vault maps used:
D:1:      roderic_chinese_lattice_arrival, grunt_decor_mini_mirrors
D:2:      wad_crossroads, ecumenical_altar_2, serial_curves, eino_curves_01,
          eino_curves_04, supply_closet_lemuel, tgw_xom
D:3:      uniq_iyjb
D:4:      first_bread, serial_corexii_hall, corexii_hall_statues_s,
          corexii_hall_statues_u, uniq_duvessa, uniq_robin

Action                   |  1- 3 |  4- 6 || total
-------------------------+-------+-------++-------
Melee: Short sword       |    54 |    13 ||    67
Evoke: Wand              |     1 |     3 ||     4
 Stab: Sleeping          |     5 |       ||     5
